 Dungeon Crawl Stone Soup version 0.31-a0-187-gba352fbbf7 (webtiles) character file.

Game seed: 15947281275629098150

134 qw the Skirmisher (level 4, 0/25 HPs)
             Began as a Deep Elf Hunter on June 22, 2023.
             Slain by an orc
             ... wielding a +0 hand axe
              (4 damage)
             ... on level 3 of the Dungeon.
             The game lasted 00:00:45 (1859 turns).

qw the Skirmisher (Deep Elf Hunter)                 Turns: 1859, Time: 00:00:46

Health: 0/25       AC:  8    Str: 10    XL:     4   Next: 95%
Magic:  6/6        EV: 11    Int: 14    God:
Gold:   102        SH:  0    Dex: 18    Spells: 3/3 levels left

rFire   . . .        Y - +0 shortbow
rCold   . . .        (shield currently unavailable)
rNeg    . . .        j - +0 ring mail
rPois   .            d - +0 helmet
rElec   .            (no cloak)
rCorr   .            (no gloves)
SInv    .            a - +1 pair of boots
Will    .....        (no amulet)
Stlth   +            (no ring)
HPRegen 0.24/turn    (no ring)
MPRegen 0.10/turn

%: no passive effects
@: no status effects
A: no striking features
a: no special abilities


You were on level 3 of the Dungeon.
You visited 1 branch of the dungeon, and saw 3 of its levels.

You collected 102 gold pieces.


   Skills:
 - Level 1.5 Fighting
 + Level 8.3 Ranged Weapons
 - Level 2.4 Dodging
 - Level 1.2 Stealth


You had 3 spell levels left.
You didn't know any spells.
Your spell library was empty.

Inventory:

Hand Weapons
 Y - a +0 shortbow (weapon)
Armour
 a - a +1 pair of boots (worn)
 d - a +0 helmet (worn)
 j - a +0 ring mail (worn)
Scrolls
 c - a scroll of noise {unknown}
 e - 2 scrolls of teleportation
 g - a scroll of identify
 k - a scroll of immolation {unknown}
Potions
 b - a potion of haste
 f - a potion of heal wounds {unknown}
 h - a potion of degeneration {unknown}
 i - a potion of ambrosia {unknown}
 l - a potion of mutation {unknown}

Dungeon Overview and Level Annotations

Branches:
Dungeon (3/15)

Altars:


Message History

The endoplasm is severely wounded.
Something hits you but does no damage. The endoplasm freezes you.
You are frozen.
You shoot an arrow. The arrow hits the endoplasm.
You kill the endoplasm!
Something hits you but does no damage. Something hits you.
1850 ||| FLEEEEING.
Your surroundings seem slightly different.
Enter note:
Enter note:
Enter note:
Enter note:
1851 ||| FLEEEEING.
A frilled lizard comes into view.
The frilled lizard moves out of view.
Enter note:
Enter note:
Enter note:
Enter note:
1852 ||| FLEEEEING.
Enter note:
Enter note:
Enter note:
Enter note:
1853 ||| FLEEEEING.
You hear some strange, mumbled words.
You are confused.
Enter note:
Enter note:
Enter note:
Enter note: Something hits you but does no damage.
The orc hits you but does no damage. Something hits you but does no damage.
The orc closely misses you. Something hits you but does no damage.
The orc closely misses you. Something hits you but does no damage.
The orc hits you with a +0 hand axe. Something hits you but does no damage.
You feel less confused. The orc hits you with a +0 hand axe.
You die...

....#.##.....................
......##.....................
###..........................
# .###.................##..#
# # #...#...........###
##..........).).#
...(.......)))##
..........o{...##
.........@.....#
.................
................#..
#..#........<......
.#.#............### .
#.#........^.# #.##......#..#
# ##...###..#


You could see an orc.

Vanquished Creatures
  3 gnolls (D:2)
  4 adders
  A dart slug (D:1)
  5 orcs (D:3)
  6 ball pythons
  8 endoplasms
  2 giant cockroaches
  7 hobgoblins
  2 jackals (D:1)
  5 kobolds
  A quokka (D:2)
  9 bats
  A frilled lizard (D:1)
  3 goblins
  3 rats
60 creatures vanquished.

Notes
Turn   | Place    | Note
-------+----------+-------------------------------------------
     0 | D:1      | qw the Deep Elf Hunter began the quest for the Orb.
     0 | D:1      | Reached XP level 1. HP: 12/12 MP: 3/3
     0 | D:1      | 0 ||| qw: Version: 0.3-a-9-g12657ce
     0 | D:1      | 0 ||| qw: Game counter: 2714
     0 | D:1      | 0 ||| qw: Always use a shield: true
     0 | D:1      | 0 ||| qw: God list: Okawaru
     0 | D:1      | 0 ||| qw: Allow faded altars: false
     0 | D:1      | 0 ||| qw: Do Orc after D:15 true
     0 | D:1      | 0 ||| qw: Do second Lair branch before Depths: true
     0 | D:1      | 0 ||| qw: Lair rune preference: random
     0 | D:1      | 0 ||| qw: Plans: Normal
     0 | D:1      | 0 ||| PLANNING D:1-11
   196 | D:1      | Reached skill level 6 in Ranged Weapons
   196 | D:1      | Reached XP level 2. HP: 16/16 MP: 4/4
   471 | D:1      | Reached XP level 3. HP: 20/20 MP: 5/5
   732 | D:1      | 732 ||| UPGRADING to +0 ring mail.
   742 | D:1      | 742 ||| DROPPING +0 leather armour.
   743 | D:1      | 743 ||| READING scroll labelled RABYENG LAPA.
   744 | D:1      | 744 ||| READING 3 scrolls labelled IFIORIE XAJOBB.
   749 | D:1      | 749 ||| READING scroll labelled NUNANEP VUUKHOBUQ.
   750 | D:1      | 750 ||| DROPPING scroll of butterflies.
   891 | D:2      | Reached skill level 7 in Ranged Weapons
  1022 | D:2      | Found a faded altar of an unknown god.
  1041 | D:2      | Reached XP level 4. HP: 25/25 MP: 6/6
  1520 | D:2      | 1520 ||| UPGRADING to +1 pair of boots.
  1525 | D:2      | 1525 ||| UPGRADING to +0 helmet.
  1530 | D:2      | 1530 ||| READING scroll labelled VOZXEZ UMPO.
  1531 | D:2      | 1531 ||| DRINKING 2 coppery potions.
  1565 | D:3      | 1565 ||| STAIRDANCE
  1604 | D:3      | 1604 ||| FLEEEEING.
  1605 | D:3      | 1605 ||| STAIRDANCE
  1689 | D:3      | Reached skill level 8 in Ranged Weapons
  1776 | D:3      | 1776 ||| FLEEEEING.
  1846 | D:3      | HP: 6/25 [frozen (2)]
  1847 | D:3      | 1847 ||| READING 3 scrolls of teleportation.
  1850 | D:3      | 1850 ||| FLEEEEING.
  1851 | D:3      | 1851 ||| FLEEEEING.
  1852 | D:3      | 1852 ||| FLEEEEING.
  1853 | D:3      | 1853 ||| FLEEEEING.
  1858 | D:3      | HP: 4/25 [orc/+0 hand axe (1)]
  1859 | D:3      | Slain by an orc

Levels and vault maps discovered:
D:1:      dpeg_arrival_boxes_within_box, layout_loops_ring
D:2:      layout_basic, hellmonk_ecumenical_altar_crossroads, kennysheep_nub
D:3:      layout_rooms, minivault_25, uniq_natasha

Skill      XL: |  1  2  3  4 |
---------------+-------------+-----
Ranged Weapons | 6 7 8 |  8.3
Fighting       | |  1.5
Dodging        | |  2.4
Stealth        | |  1.2

Action                     |  1- 3 |  4- 6 || total
---------------------------+-------+-------++-------
   Fire: Shortbow          |    77 |    79 ||   156
    Use: Scroll            |     3 |     2 ||     5
         Potion            |       |     1 ||     1
 Armour: Ring mail         |     5 |    36 ||    41
  Dodge: Dodged            |    10 |    47 ||    57

Table legend:
 A = Non-vault XP
 B = Vault XP
 C = Vault XP percentage of total XP
 D = Non-vault monster count
 E = Vault monster count
 F = Vault count percentage of total count
                 A         B        C        D         E       F
            +---------+---------+-------+---------+---------+-------
      Total |     192 |       0 |   0.0 |      60 |       0 |   0.0
            +---------+---------+-------+---------+---------+-------
        D:1 |      46 |       0 |   0.0 |      25 |       0 |   0.0
        D:2 |      89 |       0 |   0.0 |      18 |       0 |   0.0
        D:3 |      57 |       0 |   0.0 |      17 |       0 |   0.0
            +---------+---------+-------+---------+---------+-------
